TOP OF THE 1ST |
Ogden Spikes batting - Pitching for Great Falls Voyagers : RHP Edwin Bueno
|
Pitching: RHP Edwin Bueno
|
|
Batting: RHB Craig Landis
|
0-0: Called Strike 0-1: Ball 1-1: Fly out, F7 (Flyball, 7S)
|
Batting: LHB Leon Durham
|
0-0: Swinging Strike 0-1: Ball 1-1: Ball 2-1: Reached on error, E8 (Line Drive, 8LD)
|
Batting: LHB Mike Scioscia
|
0-0: Ball 1-0: Called Strike 1-1: Swinging Strike 1-2: Foul Ball, location: 2F 1-2: Ball 2-2: Foul Ball, location: 2F 2-2: SINGLE (Line Drive, 4D) Leon Durham to third
|
Batting: LHB Sal Rende
|
0-0: Called Strike 0-1: Ball 1-1: Called Strike 1-2: Ball 2-2: Foul Ball, location: 2F 2-2: Ball 3-2: Base on Balls Mike Scioscia to second
|
Batting: RHB Damaso Garcia
|
0-0: Called Strike 0-1: Foul Ball, location: 2F 0-2: DOUBLE (Flyball, 78D) Leon Durham scores Mike Scioscia scores Sal Rende to third
|
Batting: LHB Andres Romero
|
0-0: Swinging Strike 0-1: Ball 1-1: Swinging Strike 1-2: Ball 2-2: Fly out, F9 (Flyball, 9D) Runner from 3rd tags up, SCORES, no throw by RF Damaso Garcia to third
|
Batting: RHB Kalvin Adams
|
0-0: Ball Wild Pitch! Damaso Garcia scores 1-0: Called Strike 1-1: Ground out 5-3 (Groundball, 56)
|
Top of the 1st over - 4 runs, 2 hits, 1 error, 0 left on base; Ogden 4 - Great Falls 0 |
BOTTOM OF THE 1ST |
Great Falls Voyagers batting - Pitching for Ogden Spikes : LHP James Wells
|
Pitching: LHP James Wells
|
|
Batting: LHB Barrett Allison
|
0-0: Called Strike 0-1: Called Strike 0-2: Strikes out swinging
|
Batting: RHB Stephen Merkley
|
0-0: Ball 1-0: Ground out 5-3 (Groundball, 56S)
|
Batting: RHB John Lonchar
|
0-0: Foul Ball, location: 2F 0-1: Foul Ball, location: 2F 0-2: Ground out 5-3 (Groundball, 56S)
|
Bottom of the 1st over - 0 runs, 0 hits, 0 errors, 0 left on base; Ogden 4 - Great Falls 0 |
TOP OF THE 2ND |
Ogden Spikes batting - Pitching for Great Falls Voyagers : RHP Edwin Bueno
|
Batting: RHB George Goodrich
|
0-0: Foul Ball, location: 2F 0-1: Ball 1-1: Swinging Strike 1-2: Ball 2-2: Ball 3-2: Strikes out swinging
|
Batting: RHB Leonard Thompson
|
0-0: Ball 1-0: Foul Ball, location: 2F 1-1: Fly out, F4 (Popup, 34S)
|
Batting: RHB Craig Landis
|
0-0: Called Strike 0-1: Ball 1-1: Foul Ball, location: 2F 1-2: Fly out, F8 (Flyball, 8RXD)
|
Top of the 2nd over - 0 runs, 0 hits, 0 errors, 0 left on base; Ogden 4 - Great Falls 0 |
BOTTOM OF THE 2ND |
Great Falls Voyagers batting - Pitching for Ogden Spikes : LHP James Wells
|
Batting: RHB Jordan Hernandez
|
0-0: Ball 1-0: Ball 2-0: Ball 3-0: Base on Balls
|
Batting: RHB Mike Bacon
|
0-0: Ball 1-0: Ball 2-0: Foul Ball, location: 2F 2-1: Fielders Choice at 2nd, 1-6 (Groundball, 13)
|
Batting: RHB Jacky Parish
|
0-0: Called Strike 0-1: Called Strike 0-2: Ball 1-2: DOUBLE (Groundball, 3L) Mike Bacon to third Runner from 3rd tries for Home, SAFE, no throw by RF
|
Batting: RHB Joseph Gonzalez
|
0-0: Called Strike 0-1: Called Strike 0-2: Ball 1-2: Ball 2-2: Ground out 6-3 (Groundball, 6)
|
Batting: RHB Wayne Eckert
|
0-0: Ball 1-0: Swinging Strike 1-1: Ball 2-1: Ball 3-1: Fly out, F5 (Popup, 56S)
|
Bottom of the 2nd over - 1 run, 1 hit, 0 errors, 1 left on base; Ogden 4 - Great Falls 1 |
TOP OF THE 3RD |
Ogden Spikes batting - Pitching for Great Falls Voyagers : RHP Edwin Bueno
|
Batting: LHB Leon Durham
|
0-0: Ball 1-0: Called Strike 1-1: Ball 2-1: Ground out 4-3 (Groundball, 4)
|
Batting: LHB Mike Scioscia
|
0-0: Ball 1-0: Foul Ball, location: 2F 1-1: SINGLE (Line Drive, 7S)
|
Batting: LHB Sal Rende
|
0-0: Ball 1-0: Foul Ball, location: 2F 1-1: Called Strike 1-2: Ball 2-2: Strikes out swinging
|
Batting: RHB Damaso Garcia
|
0-0: Called Strike 0-1: Ground out 4-3 (Groundball, 4)
|
Top of the 3rd over - 0 runs, 1 hit, 0 errors, 1 left on base; Ogden 4 - Great Falls 1 |
BOTTOM OF THE 3RD |
Great Falls Voyagers batting - Pitching for Ogden Spikes : LHP James Wells
|
Batting: SHB Danny Belliard
|
0-0: Foul Ball, location: 2F 0-1: Called Strike 0-2: Ball 1-2: Ball 2-2: Strikes out swinging
|
Batting: LHB Barrett Allison
|
0-0: Ground out 4-3 (Groundball, 34D)
|
Batting: RHB Stephen Merkley
|
0-0: Ball 1-0: Ground out 5-3 (Groundball, 5)
|
Bottom of the 3rd over - 0 runs, 0 hits, 0 errors, 0 left on base; Ogden 4 - Great Falls 1 |
TOP OF THE 4TH |
Ogden Spikes batting - Pitching for Great Falls Voyagers : RHP Edwin Bueno
|
Batting: LHB Andres Romero
|
0-0: Ball 1-0: Called Strike 1-1: Ball 2-1: Fly out, F8 (Flyball, 8RM)
|
Batting: RHB Kalvin Adams
|
0-0: Fly out, F7 (Flyball, 7)
|
Batting: RHB George Goodrich
|
0-0: Ground out U3 (Groundball, 34)
|
Top of the 4th over - 0 runs, 0 hits, 0 errors, 0 left on base; Ogden 4 - Great Falls 1 |
BOTTOM OF THE 4TH |
Great Falls Voyagers batting - Pitching for Ogden Spikes : LHP James Wells
|
Batting: RHB John Lonchar
|
0-0: Swinging Strike 0-1: Ground out 5-3 (Groundball, 5)
|
Batting: RHB Jordan Hernandez
|
0-0: Ball 1-0: Foul Ball, location: 2F 1-1: Fly out, F8 (Flyball, 8RD)
|
Batting: RHB Mike Bacon
|
0-0: Called Strike 0-1: Ball 1-1: Fly out, F7 (Flyball, 7S)
|
Bottom of the 4th over - 0 runs, 0 hits, 0 errors, 0 left on base; Ogden 4 - Great Falls 1 |
TOP OF THE 5TH |
Ogden Spikes batting - Pitching for Great Falls Voyagers : RHP Edwin Bueno
|
Batting: RHB Leonard Thompson
|
0-0: Called Strike 0-1: Ball 1-1: SINGLE (Groundball, 6MD)
|
Batting: RHB Craig Landis
|
0-0: Called Strike 0-1: Fly out, F8 (Flyball, 8RS)
|
Batting: LHB Leon Durham
|
0-0: Called Strike 0-1: Ball 1-1: Fly out, F7 (Flyball, 78M)
|
Batting: LHB Mike Scioscia
|
0-0: Ball 1-0: Ball 2-0: Ball 3-0: Called Strike 3-1: Base on Balls Leonard Thompson to second
|
Batting: LHB Sal Rende
|
0-0: Swinging Strike 0-1: Ground out 4-3 (Groundball, 4)
|
Top of the 5th over - 0 runs, 1 hit, 0 errors, 2 left on base; Ogden 4 - Great Falls 1 |
BOTTOM OF THE 5TH |
Great Falls Voyagers batting - Pitching for Ogden Spikes : LHP James Wells
|
Batting: RHB Jacky Parish
|
0-0: Swinging Strike 0-1: Swinging Strike 0-2: Ball 1-2: Fly out, F3 (Popup, 34)
|
Batting: RHB Joseph Gonzalez
|
0-0: Called Strike 0-1: Ball 1-1: Ball 2-1: Ball 3-1: Called Strike 3-2: SINGLE (Groundball, 34D)
|
Batting: RHB Wayne Eckert
|
0-0: Fly out, F8 (Line Drive, 8RD)
|
Batting: SHB Danny Belliard
|
0-0: Ball 1-0: DOUBLE (Flyball, 78D) Joseph Gonzalez to third Runner from 3rd tries for Home, SAFE, throw by CF to home
|
Batting: LHB Barrett Allison
|
0-0: Ball 1-0: Ground out 3-1 (Groundball, 34)
|
Bottom of the 5th over - 1 run, 2 hits, 0 errors, 1 left on base; Ogden 4 - Great Falls 2 |
TOP OF THE 6TH |
Ogden Spikes batting - Pitching for Great Falls Voyagers : RHP Edwin Bueno
|
Batting: RHB Damaso Garcia
|
0-0: Ball 1-0: Ball 2-0: Ground out 4-3 (Groundball, 4)
|
Batting: LHB Andres Romero
|
0-0: Ball 1-0: Called Strike 1-1: Called Strike 1-2: Ball 2-2: Ball 3-2: Strikes out swinging
|
Batting: RHB Kalvin Adams
|
0-0: Swinging Strike 0-1: Called Strike 0-2: Foul Ball, location: 2F 0-2: Strikes out swinging
|
Top of the 6th over - 0 runs, 0 hits, 0 errors, 0 left on base; Ogden 4 - Great Falls 2 |
BOTTOM OF THE 6TH |
Great Falls Voyagers batting - Pitching for Ogden Spikes : LHP James Wells
|
Batting: RHB Stephen Merkley
|
0-0: SINGLE (Line Drive, 8LS)
|
Batting: RHB John Lonchar
|
0-0: Grounds into double play, 5-4-3 (Groundball, 56)
|
Batting: RHB Jordan Hernandez
|
0-0: Called Strike 0-1: Called Strike 0-2: Ball 1-2: Ball 2-2: Foul Ball, location: 2F 2-2: Fly out, F4 (Flyball, 3D)
|
Bottom of the 6th over - 0 runs, 1 hit, 0 errors, 0 left on base; Ogden 4 - Great Falls 2 |
TOP OF THE 7TH |
Ogden Spikes batting - Pitching for Great Falls Voyagers : RHP Edwin Bueno
|
Pitching: LHP Tim Costello
|
|
Batting: RHB George Goodrich
|
0-0: Ball 1-0: Ball 2-0: Foul Ball, location: 2F 2-1: Foul Ball, location: 2F 2-2: Strikes out swinging
|
Batting: RHB Leonard Thompson
|
0-0: Ball 1-0: Ball 2-0: Ball 3-0: Called Strike 3-1: Fly out, F9 (Flyball, 9LSF)
|
Batting: RHB Craig Landis
|
0-0: Called Strike 0-1: Swinging Strike 0-2: Strikes out swinging
|
Top of the 7th over - 0 runs, 0 hits, 0 errors, 0 left on base; Ogden 4 - Great Falls 2 |
BOTTOM OF THE 7TH |
Great Falls Voyagers batting - Pitching for Ogden Spikes : LHP James Wells
|
Batting: RHB Mike Bacon
|
0-0: Ball 1-0: Called Strike 1-1: Foul Ball, location: 2F 1-2: Foul Ball, location: 2F 1-2: Ball 2-2: Foul Ball, location: 2F 2-2: SINGLE (Line Drive, 8RS)
|
Batting: RHB Jacky Parish
|
0-0: Ball 1-0: Fielders Choice at 2nd, 1-6 (Groundball, 13)
|
Batting: RHB Joseph Gonzalez
|
0-0: Ball 1-0: Fly out, F1 (Line Drive, P)
|
Batting: RHB Wayne Eckert
|
0-0: Ball 1-0: Ball 2-0: Ball 3-0: Base on Balls Jacky Parish to second
|
Batting: SHB Danny Belliard
|
0-0: Fly out, F9 (Line Drive, 9D)
|
Bottom of the 7th over - 0 runs, 1 hit, 0 errors, 2 left on base; Ogden 4 - Great Falls 2 |
TOP OF THE 8TH |
Ogden Spikes batting - Pitching for Great Falls Voyagers : LHP Tim Costello
|
Batting: LHB Leon Durham
|
0-0: Foul Ball, location: 2F 0-1: Foul Ball, location: 2F 0-2: Foul Ball, location: 2F 0-2: Ball 1-2: Ground out 4-3 (Groundball, 4S)
|
Batting: LHB Mike Scioscia
|
0-0: Swinging Strike 0-1: Foul Ball, location: 2F 0-2: Foul Ball, location: 2F 0-2: Ball 1-2: Strikes out swinging
|
Batting: LHB Sal Rende
|
0-0: Called Strike 0-1: Fly out, F6 (Popup, 6MD)
|
Top of the 8th over - 0 runs, 0 hits, 0 errors, 0 left on base; Ogden 4 - Great Falls 2 |
BOTTOM OF THE 8TH |
Great Falls Voyagers batting - Pitching for Ogden Spikes : LHP James Wells
|
Batting: LHB Barrett Allison
|
0-0: Called Strike 0-1: Foul Ball, location: 2F 0-2: Ball 1-2: Foul Ball, location: 2F 1-2: Foul Ball, location: 2F 1-2: Ground out 4-3 (Groundball, 4S)
|
Batting: RHB Stephen Merkley
|
0-0: Called Strike 0-1: Ball 1-1: Ball 2-1: Called Strike 2-2: Fly out, F6 (Line Drive, 6)
|
Batting: RHB John Lonchar
|
0-0: Ball 1-0: Ball 2-0: Reached on error, E6 (Groundball, 6)
|
Batting: RHB Jordan Hernandez
|
0-0: Ball 1-0: Ball 2-0: Foul Ball, location: 2F 2-1: Ground out 2-3 (Groundball, 13S)
|
Bottom of the 8th over - 0 runs, 0 hits, 1 error, 1 left on base; Ogden 4 - Great Falls 2 |
TOP OF THE 9TH |
Ogden Spikes batting - Pitching for Great Falls Voyagers : LHP Tim Costello
|
Batting: RHB Damaso Garcia
|
0-0: Called Strike 0-1: Fly out, F7 (Flyball, 78M)
|
Batting: LHB Andres Romero
|
0-0: Ball 1-0: Called Strike 1-1: Fly out, F8 (Line Drive, 8RD)
|
Batting: RHB Kalvin Adams
|
0-0: Fly out, F4 (Popup, 4)
|
Top of the 9th over - 0 runs, 0 hits, 0 errors, 0 left on base; Ogden 4 - Great Falls 2 |
BOTTOM OF THE 9TH |
Great Falls Voyagers batting - Pitching for Ogden Spikes : LHP James Wells
|
Now at 3B: James Dyer
|
|
Batting: RHB Mike Bacon
|
0-0: Ball 1-0: Swinging Strike 1-1: SINGLE (Groundball, 56D)
|
Batting: RHB Jacky Parish
|
0-0: Grounds into double play, 5-4-3 (Groundball, 5S)
|
Batting: RHB Joseph Gonzalez
|
0-0: Ground out 2-3 (Groundball, 13S)
|
Bottom of the 9th over - 0 runs, 1 hit, 0 errors, 0 left on base; Ogden 4 - Great Falls 2 |
|